 Dungeon Crawl Stone Soup version 0.19.1 (webtiles) character file.

68230 theElss the Bludgeoner (level 15, 0/151 HPs)
             Began as a Gargoyle Berserker on Dec 3, 2016.
             Was the Champion of Trog.
             Slain by an orc warrior
             ... wielding a +0 halberd
              (2 damage)
             ... on level 2 of the Orcish Mines.
             The game lasted 01:18:01 (21393 turns).

theElss the Bludgeoner (Gargoyle Berserker)        Turns: 21393, Time: 01:18:02

Health: 0/151      AC: 35    Str: 31    XL:     15   Next: 25%
Magic:  24/24      EV:  8    Int:  5    God:    Trog [******]
Gold:   3084       SH:  9    Dex: 11    Spells: 0 memorised, 14 levels left

rFire  + . .     SeeInvis .     l - +1 demon whip (drain)
rCold  . . .     Gourm    .     v - +2 plate armour {rF+}
rNeg   + . .     Faith    .     Y - +2 buckler
rPois  ∞         Spirit   .     P - +3 helmet "Zunwunn" {rPois MP+9 Int-4 Dex+2}
rElec  +         Reflect  .     M - +2 cloak
rCorr  .         Harm     .     Q - +0 pair of gloves
MR     ++...                    d - +0 pair of boots
Stlth  ..........               f - amulet of regeneration
                                L - ring of protection from magic
                                m - +1 ring of slaying

@: berserking, flying, very quick
A: big wings, negative energy resistance 1, electricity resistance, unbreathing,
petrification resistance, rot immunity, AC +11
a: Stop Flying, Berserk, Trog's Hand, Brothers in Arms, Burn Spellbooks,
Renounce Religion


You were on level 2 of the Orcish Mines.
You worshipped Trog.
Trog was exalted by your worship.
You were very hungry.

You visited 3 branches of the dungeon, and saw 20 of its levels.
You also visited: Ossuary and Bailey.

You collected 3384 gold pieces.
You spent 300 gold pieces at shops.

Inventory:

Hand Weapons
 l - a +1 demon whip of draining (weapon)
 w - a +1 mace of draining
 N - a +2 flail of protection
Armour
 d - a +0 pair of boots (worn)
 v - a +2 plate armour of fire resistance (worn)
 M - a +2 cloak (worn)
 P - the +3 helmet "Zunwunn" (worn) {rPois MP+9 Int-4 Dex+2}
   (You found it on level 8 of the Dungeon)

   It affects your intelligence (-4).
   It affects your dexterity (+2).
   It protects you from poison.
   It affects your magic capacity (+9).
 Q - a +0 pair of gloves (worn)
 Y - a +2 buckler (worn)
Jewellery
 f - an amulet of regeneration (around neck)
 m - a +1 ring of slaying (left hand)
 F - a +4 ring of intelligence
 J - an uncursed ring of see invisible
 L - a ring of protection from magic (right hand)
 O - an uncursed ring of ice
Wands
 a - a wand of slowing (12/48)
 D - a wand of disintegration (16/24)
 H - a wand of flame (20/48)
 W - a wand of lightning (1/15)
 X - a wand of hasting (5/9)
Scrolls
 b - 2 scrolls of enchant armour
 e - 7 scrolls of teleportation
 j - 3 scrolls of blinking
 n - 2 scrolls of random uselessness {unknown}
 r - 3 scrolls of silence
 t - 3 scrolls of remove curse
 A - 3 scrolls of fear
 C - 2 scrolls of fog
 E - 3 scrolls of magic mapping
 R - a scroll of noise {unknown}
 S - a scroll of vulnerability {unknown}
Potions
 g - a potion of brilliance
 h - 2 potions of cancellation
 q - 2 potions of heal wounds
 u - 8 potions of curing
 z - 2 potions of agility
 T - a potion of haste {unknown}
 Z - a potion of berserk rage {unknown}
Comestibles
 c - 10 bread rations
 i - 4 chunks of flesh
 k - 10 slices of pizza
 s - 5 beef jerkies
 y - 5 fruits
 G - 5 meat rations


   Skills:
 + Level 14.4 Fighting
 + Level 16.9 Maces & Flails
 + Level 5.6 Armour
 - Level 1.5 Dodging
 - Level 15.0 Shields


You had 14 spell levels left.
You didn't know any spells.

Dungeon Overview and Level Annotations

Branches:
Dungeon (12/15)            Temple (0/1) D:7            Lair (6/6) D:9
 Shoals (0/4) Lair:2       Spider (0/4) Lair:4        Slime (0/5) Lair:5
    Orc (2/2) D:11            Elf (0/3) Orc:2

Altars:
Cheibriados
Dithmenos
Elyvilon
Fedhas
Gozag
Hepliaklqana
Kikubaaqudgha
Makhleb
Sif Muna
Xom
Zin
Beogh

Shops:
D:4 :   D:6 :   D:10 ?[([   Orc:2 *[%*


Innate Abilities, Weirdness & Mutations

You are resistant to torment.
Your stone body is resilient. (AC +11)
You are immune to poison.
Your large and strong wings let you fly indefinitely.
You resist negative energy. (rN+)
You are resistant to electric shocks. (rElec)
You can survive without breathing.
You are immune to petrification.
You are immune to rotting.


Message History

The orc warrior throws a tomahawk.
The tomahawk hits you!
* * * LOW HITPOINT WARNING * * *
The orc no longer looks unusually strong.
The orc warrior hits you but does no damage.
Items here: ))) [[[ † You barely miss the orc warrior.
The orc warrior closely misses you.
The orc warrior hits you with a halberd of venom.
* * * LOW HITPOINT WARNING * * *
Unknown command.
You whack the orc warrior!
The orc warrior is moderately wounded.
You thrash the orc warrior!!
You kill the orc warrior!
Trog accepts your kill.
You thrash the orc warrior!!
You kill the orc warrior!
Trog accepts your kill.
You hear a shout!
The orc warrior hits you from afar with a halberd.
You die... #∩.. #..# #.# #.# #. #..o #..#######.###.###. .oo #.................. ...###o##oo###.###......... .....oo)ooo# #.# #..⌠...⌠.. .o.###o###o# #.# #))....... oo.

#o###.###)###'###. #..o
#))....())#.....#. .. #...
#@###)###.#.....#. ....#∩.. #(#
#.# #.#.._..#.
##....#######.###.###.#######.
#.............................
#.#..........................
##.............##########....
####.............## ##.#.##....
##.###..........#.#####.....#...#
#...##.............#.##..........


You could see 4 orc warriors and 2 orcs.

Vanquished Creatures
  Gastronok (D:10)
  The ghost of Quirk the Fencer, a journeyman MiFi of Okawaru (Lair:6)
  Snorg (D:10)
  An ettin (Orc:1)
  An ice dragon (Lair:6)
  7 hydras
  The ghost of TotoDurand the Carver, a novice DrBe of Trog (D:10)
  Urug (D:10)
  A hill giant (D:11)
  2 lindwurms (Lair:6)
  9 orc knights
  A necromancer (Lair:6)
  An ugly thing (D:11)
  11 elephants
  9 torpor snails
  3 sirens (Lair:2)
  Joseph (D:9)
  5 black mambas
  A gargoyle (D:9)
  12 spiny frogs
  6 rime drakes
  9 komodo dragons
  A jumping spider (Lair:4)
  2 ice devils (Lair:5)
  3 tyrant leeches (Lair:6)
  A merfolk (Lair:2)
  A polar bear (Lair:3)
  7 hornets (Lair:6)
  2 trolls
  3 slime creatures (Lair:5)
  13 blink frogs
  10 dream sheep
  4 hippogriffs
  2 redbacks (Lair:3)
  Sigmund (D:5)
  3 hogs
  2 wraiths (D:11)
  A wyvern (Lair:6)
  51 yaks
  A basilisk (Lair:5)
  Grum (D:11)
  A human (D:11)
  A mottled dragon (Lair:3)
  6 wargs
  Menkaure (Ossuary)
  10 water moccasins
  12 porcupines
  A black bear (D:11)
  An ice beast (D:5)
  2 sky beasts
  A necrophage (D:6)
  13 ogres
  2 phantoms
  23 wolves
  41 orc warriors
  11 centaurs
  12 crocodiles
  2 big kobolds (D:11)
  Blork the orc (D:4)
  13 bullfrogs
  A water moccasin zombie (D:8)
  4 scorpions
  8 killer bees
  5 wights (D:10)
  4 howler monkeys
  2 jellies
  6 hounds
  12 orc priests
  3 bullfrog zombies
  A gnoll shaman (D:8)
  9 orc wizards
  2 bullfrog skeletons
  3 centaur skeletons (D:7)
  5 iguanas
  A polar bear simulacrum (Lair:6)
  11 worker ants
  7 yak simulacra (Lair:6)
  A wolf simulacrum (Lair:6)
  2 hound zombies
  A hound skeleton (D:6)
  3 mummies (Ossuary)
  3 gnolls (D:8)
  A howler monkey skeleton (D:10)
  5 adders
  3 shadow imps
  An adder zombie (D:7)
  5 worms
  3 dart slugs
  6 leopard geckos
  97 orcs
  A ball python (D:1)
  4 bats
  8 giant cockroaches
  3 gnoll zombies (Ossuary)
  12 goblins
  4 hobgoblins
  2 jackals (D:1)
  7 quokkas
  8 frilled lizards
  4 goblin skeletons (Ossuary)
  5 goblin zombies
  3 hobgoblin skeletons (Ossuary)
  3 hobgoblin zombies (Ossuary)
  18 kobolds
  2 kobold zombies (Ossuary)
  A leopard gecko zombie (D:7)
  7 orc skeletons (Ossuary)
  4 orc zombies (Ossuary)
  A rat (D:2)
  A rat skeleton (Ossuary)
  4 rat zombies (Ossuary)
  2 river rat simulacra (Lair:6)
  5 plants
672 creatures vanquished.

Vanquished Creatures (others)
  A gnoll skeleton (Ossuary)
  3 goblin skeletons (Ossuary)
  3 goblin zombies (Ossuary)
  A hobgoblin skeleton (Ossuary)
  A hobgoblin zombie (Ossuary)
  A kobold skeleton (Ossuary)
  An orc skeleton (Ossuary)
  An orc zombie (Ossuary)
  3 rat skeletons (Ossuary)
  A rat zombie (Ossuary)
  11 fungi
  6 plants (Lair:6)
33 creatures vanquished.

Grand Total: 705 creatures vanquished

Notes
Turn   | Place    | Note
-------+----------+-------------------------------------------
     0 | D:1      | theElss the Gargoyle Berserker began the quest for the Orb.
     0 | D:1      | Reached XP level 1. HP: 14/14 MP: 1/1
   140 | D:1      | Reached XP level 2. HP: 19/19 MP: 2/2
   358 | D:1      | Reached XP level 3. HP: 24/24 MP: 3/3
   778 | D:2      | Reached skill level 4 in Maces & Flails
   922 | D:2      | Found a glowing silver altar of Zin.
  1183 | D:2      | Reached ** piety under Trog
  1304 | D:2      | Reached XP level 4. HP: 29/29 MP: 4/4
  2034 | D:3      | Reached skill level 5 in Maces & Flails
  2034 | D:3      | Reached XP level 5. HP: 28/33 MP: 5/5
  2092 | D:3      | Found a snail-covered altar of Cheibriados.
  2092 | D:3      | Found an opulent altar of Gozag.
  2092 | D:3      | Found a deep blue altar of Sif Muna.
  2580 | D:4      | Noticed Blork the orc
  2592 | D:4      | Killed Blork the orc
  2646 | D:4      | Noticed an ogre
  2657 | D:4      | Killed an ogre
  2657 | D:4      | Reached skill level 6 in Maces & Flails
  2657 | D:4      | Reached XP level 6. HP: 12/39 MP: 6/6
  3008 | D:4      | Found a shadowy altar of Dithmenos.
  3053 | D:4      | Found Hein's Book Boutique.
  3189 | D:4      | Got a twisted ring mail
  3200 | D:4      | Identified the +3 ring mail of Haun {MR+} (You found it on level 4 of the Dungeon)
  3445 | D:5      | Entered Level 5 of the Dungeon
  3495 | D:5      | Reached XP level 7. HP: 38/44 MP: 7/7
  3547 | D:5      | Noticed Sigmund
  3575 | D:5      | Killed Sigmund
  3575 | D:5      | Reached *** piety under Trog
  3575 | D:5      | Reached skill level 5 in Fighting
  3575 | D:5      | Reached skill level 7 in Maces & Flails
  3588 | D:5      | HP: 2/44 [ice beast (7)]
  3715 | D:5      | Found a sand-covered staircase.
  3736 | Ossuary  | Entered an ossuary
  4150 | Ossuary  | Noticed Menkaure
  4165 | Ossuary  | Killed Menkaure
  4165 | Ossuary  | Reached **** piety under Trog
  4171 | Ossuary  | Reached skill level 8 in Maces & Flails
  4451 | D:5      | Reached XP level 8. HP: 40/50 MP: 8/8
  5038 | D:6      | Got an ichor-stained ring mail
  5185 | D:6      | Found Wuew's Book Shoppe.
  5213 | D:6      | Reached skill level 9 in Maces & Flails
  5344 | D:6      | Found a hazy altar of Hepliaklqana.
  5521 | D:6      | Found a burning altar of Makhleb.
  6091 | D:7      | Reached skill level 10 in Maces & Flails
  6149 | D:7      | Found a staircase to the Ecumenical Temple.
  6332 | D:7      | Reached XP level 9. HP: 51/56 MP: 9/9
  6778 | D:8      | Found an ancient bone altar of Kikubaaqudgha.
  6917 | D:8      | Found a shimmering altar of Xom.
  6927 | D:8      | Reached skill level 11 in Maces & Flails
  6938 | D:8      | Found a blossoming altar of Fedhas.
  6940 | D:8      | Found a white marble altar of Elyvilon.
  7093 | D:8      | Got a slimy helmet
  7104 | D:8      | Identified the +3 helmet "Zunwunn" {rPois MP+9 Int-4 Dex+2} (You found it on level 8 of the Dungeon)
  7389 | D:8      | Identified the +4 ring mail of the Nexus {MR+ Regen+ Int+4 Slay-6} (You found it on level 6 of the Dungeon)
  7676 | D:9      | Found a staircase to the Lair.
  7827 | D:9      | Noticed a gargoyle
  7842 | D:9      | Killed a gargoyle
  7895 | D:9      | Reached skill level 12 in Maces & Flails
  8019 | D:9      | Reached XP level 10. HP: 64/64 MP: 10/10
  8056 | D:9      | Noticed Joseph
  8075 | D:9      | Killed Joseph
  8087 | D:9      | Reached ***** piety under Trog
  8886 | D:10     | Entered Level 10 of the Dungeon
  8902 | D:10     | Reached skill level 13 in Maces & Flails
  9032 | D:10     | Received a gift from Trog
  9107 | D:10     | Found Gufehe Fute's Weapon Emporium.
  9189 | D:10     | Noticed Snorg
  9190 | D:10     | Found Uciqienn's Armour Boutique.
  9208 | D:10     | Killed Snorg
  9351 | D:10     | Bought a +0 pair of gloves for 54 gold pieces
  9371 | D:10     | Noticed Gastronok
  9386 | D:10     | Killed Gastronok
  9386 | D:10     | Reached skill level 10 in Fighting
  9386 | D:10     | Reached skill level 14 in Maces & Flails
  9386 | D:10     | Reached XP level 11. HP: 72/72 MP: 11/11
  9462 | D:10     | Noticed TotoDurand's ghost (novice DrBe)
  9568 | D:10     | Found Vesa's Armour Shop.
  9793 | D:10     | Killed TotoDurand's ghost
  9925 | D:10     | Noticed Urug
  9929 | D:10     | Found Pocin's Magic Scroll Shoppe.
  9941 | D:10     | Killed Urug
 10073 | D:10     | Bought a scroll of identify for 30 gold pieces
 10073 | D:10     | Bought a scroll of enchant armour for 112 gold pieces
 10073 | D:10     | Bought a scroll of immolation for 52 gold pieces
 10073 | D:10     | Bought a scroll of fear for 52 gold pieces
 10073 | D:10     | Identified a scroll of acquirement
 10414 | D:11     | Noticed Grum
 10418 | D:11     | Noticed a cyan ugly thing
 10426 | D:11     | Reached skill level 15 in Maces & Flails
 10433 | D:11     | Killed a cyan ugly thing
 10438 | D:11     | Killed Grum
 10511 | D:11     | Noticed a hill giant
 10518 | D:11     | Killed a hill giant
 10577 | D:11     | Found a roughly hewn altar of Beogh.
 10577 | D:11     | Found a staircase to the Orcish Mines.
 10577 | D:11     | Noticed an orc knight
 10595 | D:11     | Killed an orc knight
 10604 | D:11     | Reached XP level 12. HP: 80/80 MP: 12/12
 10808 | D:12     | Received a gift from Trog
 11480 | Lair:1   | Entered Level 1 of the Lair of Beasts
 11663 | Lair:1   | Received a gift from Trog
 11988 | Lair:1   | Reached skill level 16 in Maces & Flails
 12471 | Lair:1   | Noticed an eight-headed hydra
 12480 | Lair:1   | Killed an eight-headed hydra
 12837 | Lair:1   | Reached skill level 1 in Shields
 13175 | Lair:2   | Reached XP level 13. HP: 88/88 MP: 13/13
 13178 | Lair:2   | Found a staircase to the Shoals.
 13184 | Lair:2   | Reached skill level 5 in Shields
 13966 | Lair:3   | Received a gift from Trog
 14575 | Lair:4   | Found a hole to the Spider Nest.
 14746 | Lair:4   | Reached skill level 10 in Shields
 15668 | Lair:5   | Found a staircase to the Slime Pits.
 16277 | Lair:5   | Gained mutation: Your large and strong wings let you fly indefinitely. [Gargoyle growth]
 16277 | Lair:5   | Reached XP level 14. HP: 89/94 MP: 14/14
 16421 | Lair:5   | Found a frozen archway.
 16810 | Lair:6   | Entered Level 6 of the Lair of Beasts
 16823 | Lair:6   | Noticed Quirk's ghost (journeyman MiFi)
 17034 | Lair:6   | Killed Quirk's ghost
 17129 | Lair:6   | Received a gift from Trog
 18044 | Lair:6   | Reached skill level 15 in Shields
 18127 | Lair:6   | Found a runed door.
 19316 | Orc:1    | Entered Level 1 of the Orcish Mines
 19390 | Orc:1    | Found a flagged portal.
 19421 | Bailey   | Entered a bailey
 19940 | Orc:1    | Reached XP level 15. HP: 100/100 MP: 15/15
 20338 | Orc:2    | Entered Level 2 of the Orcish Mines
 20477 | Orc:1    | Reached ****** piety under Trog
 20590 | Orc:2    | Received a gift from Trog
 20611 | Orc:2    | Reached skill level 5 in Armour
 20797 | Orc:2    | Found Dezu's Food Shoppe.
 20896 | Orc:2    | Found Diajiem's General Store.
 21069 | Orc:2    | Found a staircase to the Elven Halls.
 21254 | Orc:2    | Found a roughly hewn altar of Beogh.
 21271 | Orc:2    | Found Qicixumn's Assorted Antiques.
 21271 | Orc:2    | Found Ykathroq's Armour Boutique.
 21388 | Orc:2    | HP: 6/151 [orc warrior/tomahawk (9)]
 21390 | Orc:2    | HP: 1/151 [orc warrior/halberd of venom (5)]
 21393 | Orc:2    | Slain by an orc warrior

Skill      XL: |  1  2  3  4  5  6  7  8  9 10 11 12 13 14 15 |
---------------+----------------------------------------------+-----
Maces & Flails | 4 5 6 8 10 12 14 15 16 | 16.9
Fighting       | 4 5 6 8 10 11 13 14 | 14.4
Shields        | 4 12 15 | 15.0
Armour         | 4 5 |  5.6
Dodging        | |  1.5

Action                   |  1- 3 |  4- 6 |  7- 9 | 10-12 | 13-15 || total
-------------------------+-------+-------+-------+-------+-------++-------
Melee: Mace              |   119 |   253 |   466 |       |   674 ||  1512
       Flail             |       |       |    73 |   185 |   820 ||  1078
       Dire flail        |       |       |       |   512 |       ||   512
       Morningstar       |       |       |       |    67 |   136 ||   203
       Demon whip        |       |       |       |       |   236 ||   236
Invok: Berserk           |     1 |     4 |     6 |    10 |     5 ||    26
       Trog's Hand       |       |       |     3 |     1 |       ||     4
 Abil: Fly               |       |       |       |       |     1 ||     1
  Use: Potion            |       |       |     1 |       |       ||     1
       Scroll            |       |       |     9 |     4 |     5 ||    18
  Eat: Chunk             |     2 |    10 |    16 |    27 |    33 ||    88
       Meat ration       |       |       |     1 |       |       ||     1
       Beef jerky        |       |       |     1 |       |       ||     1
Armor: Animal skin       |    27 |    62 |       |       |       ||    89
       Ring mail         |       |    12 |   207 |       |       ||   219
       Plate armour      |       |       |    45 |   531 |  1226 ||  1802
Dodge: Dodged            |    65 |   110 |   200 |   230 |   475 ||  1080
Block: Buckler           |       |       |       |     7 |   830 ||   837
